%YAML 1.1
%TAG !u! tag:unity3d.com,2011:
--- !u!114 &11400000
MonoBehaviour:
  m_ObjectHideFlags: 0
  m_CorrespondingSourceObject: {fileID: 0}
  m_PrefabInstance: {fileID: 0}
  m_PrefabAsset: {fileID: 0}
  m_GameObject: {fileID: 0}
  m_Enabled: 1
  m_EditorHideFlags: 0
  m_Script: {fileID: 11500000, guid: 15f0118ce50c1894487d3c82fab5e80a, type: 3}
  m_Name: "I11e - B\xEDl\xFD pr\xE1\u0161ek v hrnku"
  m_EditorClassIdentifier: 
  nodes:
  - {fileID: 114267798010179858}
  - {fileID: 114009437471717338}
  - {fileID: 114600136517049234}
  - {fileID: 114776643382480784}
  - {fileID: 114425438503100120}
  - {fileID: 114436557776195684}
  - {fileID: 114961465325559144}
  connections:
  - {fileID: 114349509012447802}
  - {fileID: 114555820658207768}
  - {fileID: 114218105912241368}
  - {fileID: 114093965423517604}
  - {fileID: 114396586129783964}
  i: 8
  corruptionReport: 
--- !u!114 &114009437471717338
MonoBehaviour:
  m_ObjectHideFlags: 0
  m_CorrespondingSourceObject: {fileID: 0}
  m_PrefabInstance: {fileID: 0}
  m_PrefabAsset: {fileID: 0}
  m_GameObject: {fileID: 0}
  m_Enabled: 1
  m_EditorHideFlags: 0
  m_Script: {fileID: 11500000, guid: a369827a53a8b544fac030b468de9f7b, type: 3}
  m_Name: "I11e - B\xEDl\xFD pr\xE1\u0161ek v hrnku-R-1"
  m_EditorClassIdentifier: 
  uniqueId: "I11e - B\xEDl\xFD pr\xE1\u0161ek v hrnku-R-1"
  nameWithinDialog: R-1
  parentGraph: {fileID: 11400000}
  inPort: {fileID: 114237128906560202}
  outPorts:
  - {fileID: 114195966875126672}
  pointsTo: []
  position: {x: 0, y: 0}
  rect:
    serializedVersion: 2
    x: 292.36002
    y: 260.65002
    width: 250
    height: 150
  isDragged: 0
  isSelected: 0
  nodeNameRect:
    serializedVersion: 2
    x: 15
    y: 10
    width: 146
    height: 30
  corruptionReport: 
  speaker: {fileID: 11400000, guid: bd4269cbd9a00b64fa93d3034e3bb339, type: 2}
  replicAudio: {fileID: 0}
  scroll: {x: 0, y: 0}
  currentLang: 0
  translation:
    cs: "Hrnek a v n\u011Bm b\xEDl\xFD pr\xE1\u0161ek. Sta\u010D\xED p\u0159idat n\u011Bjak\xE9
      pjivo a m\xE1m b\xEDlou barvu."
    en: 
--- !u!114 &114083749937937960
MonoBehaviour:
  m_ObjectHideFlags: 0
  m_CorrespondingSourceObject: {fileID: 0}
  m_PrefabInstance: {fileID: 0}
  m_PrefabAsset: {fileID: 0}
  m_GameObject: {fileID: 0}
  m_Enabled: 1
  m_EditorHideFlags: 0
  m_Script: {fileID: 11500000, guid: 92897b83d3ac44d4fb3722cc5d2189d2, type: 3}
  m_Name: "I11e - B\xEDl\xFD pr\xE1\u0161ek v hrnku-R-6-outPort"
  m_EditorClassIdentifier: 
  Direction: 1
  attachedToNode: {fileID: 114436557776195684}
  centerInAbsolute: {x: 1235.5496, y: 635.1098}
  connections:
  - {fileID: 114396586129783964}
  buttonRectInRelative:
    serializedVersion: 2
    x: 238
    y: 25
    width: 12
    height: 12
--- !u!114 &114093965423517604
MonoBehaviour:
  m_ObjectHideFlags: 0
  m_CorrespondingSourceObject: {fileID: 0}
  m_PrefabInstance: {fileID: 0}
  m_PrefabAsset: {fileID: 0}
  m_GameObject: {fileID: 0}
  m_Enabled: 1
  m_EditorHideFlags: 0
  m_Script: {fileID: 11500000, guid: c83906d02ff79e44a87686bb3e9d622c, type: 3}
  m_Name: "I11e - B\xEDl\xFD pr\xE1\u0161ek v hrnku-R-2 -- I11e - B\xEDl\xFD pr\xE1\u0161ek
    v hrnku-R-6"
  m_EditorClassIdentifier: 
  inPort: {fileID: 114496232610138314}
  outPort: {fileID: 114623627713546828}
--- !u!114 &114195966875126672
MonoBehaviour:
  m_ObjectHideFlags: 0
  m_CorrespondingSourceObject: {fileID: 0}
  m_PrefabInstance: {fileID: 0}
  m_PrefabAsset: {fileID: 0}
  m_GameObject: {fileID: 0}
  m_Enabled: 1
  m_EditorHideFlags: 0
  m_Script: {fileID: 11500000, guid: 92897b83d3ac44d4fb3722cc5d2189d2, type: 3}
  m_Name: "I11e - B\xEDl\xFD pr\xE1\u0161ek v hrnku-R-1-outPort"
  m_EditorClassIdentifier: 
  Direction: 1
  attachedToNode: {fileID: 114009437471717338}
  centerInAbsolute: {x: 536.36, y: 291.65002}
  connections: []
  buttonRectInRelative:
    serializedVersion: 2
    x: 238
    y: 25
    width: 12
    height: 12
--- !u!114 &114218105912241368
MonoBehaviour:
  m_ObjectHideFlags: 0
  m_CorrespondingSourceObject: {fileID: 0}
  m_PrefabInstance: {fileID: 0}
  m_PrefabAsset: {fileID: 0}
  m_GameObject: {fileID: 0}
  m_Enabled: 1
  m_EditorHideFlags: 0
  m_Script: {fileID: 11500000, guid: c83906d02ff79e44a87686bb3e9d622c, type: 3}
  m_Name: "I11e - B\xEDl\xFD pr\xE1\u0161ek v hrnku-T-5 -- I11e - B\xEDl\xFD pr\xE1\u0161ek
    v hrnku-R-2"
  m_EditorClassIdentifier: 
  inPort: {fileID: 114256039252366940}
  outPort: {fileID: 114331013956530570}
--- !u!114 &114237128906560202
MonoBehaviour:
  m_ObjectHideFlags: 0
  m_CorrespondingSourceObject: {fileID: 0}
  m_PrefabInstance: {fileID: 0}
  m_PrefabAsset: {fileID: 0}
  m_GameObject: {fileID: 0}
  m_Enabled: 1
  m_EditorHideFlags: 0
  m_Script: {fileID: 11500000, guid: 92897b83d3ac44d4fb3722cc5d2189d2, type: 3}
  m_Name: "I11e - B\xEDl\xFD pr\xE1\u0161ek v hrnku-R-1-inPort"
  m_EditorClassIdentifier: 
  Direction: 0
  attachedToNode: {fileID: 114009437471717338}
  centerInAbsolute: {x: 298.36002, y: 291.65002}
  connections:
  - {fileID: 114349509012447802}
  buttonRectInRelative:
    serializedVersion: 2
    x: 0
    y: 25
    width: 12
    height: 12
--- !u!114 &114256039252366940
MonoBehaviour:
  m_ObjectHideFlags: 0
  m_CorrespondingSourceObject: {fileID: 0}
  m_PrefabInstance: {fileID: 0}
  m_PrefabAsset: {fileID: 0}
  m_GameObject: {fileID: 0}
  m_Enabled: 1
  m_EditorHideFlags: 0
  m_Script: {fileID: 11500000, guid: 92897b83d3ac44d4fb3722cc5d2189d2, type: 3}
  m_Name: "I11e - B\xEDl\xFD pr\xE1\u0161ek v hrnku-T-5-outPort"
  m_EditorClassIdentifier: 
  Direction: 1
  attachedToNode: {fileID: 114425438503100120}
  centerInAbsolute: {x: 521.9599, y: 605.13983}
  connections:
  - {fileID: 114218105912241368}
  buttonRectInRelative:
    serializedVersion: 2
    x: 288
    y: 25
    width: 12
    height: 12
--- !u!114 &114260767211582316
MonoBehaviour:
  m_ObjectHideFlags: 0
  m_CorrespondingSourceObject: {fileID: 0}
  m_PrefabInstance: {fileID: 0}
  m_PrefabAsset: {fileID: 0}
  m_GameObject: {fileID: 0}
  m_Enabled: 1
  m_EditorHideFlags: 0
  m_Script: {fileID: 11500000, guid: 92897b83d3ac44d4fb3722cc5d2189d2, type: 3}
  m_Name: "I11e - B\xEDl\xFD pr\xE1\u0161ek v hrnku-T-7-outPort"
  m_EditorClassIdentifier: 
  Direction: 1
  attachedToNode: {fileID: 114961465325559144}
  centerInAbsolute: {x: 1677.1802, y: 683.3699}
  connections: []
  buttonRectInRelative:
    serializedVersion: 2
    x: 288
    y: 25
    width: 12
    height: 12
--- !u!114 &114267798010179858
MonoBehaviour:
  m_ObjectHideFlags: 0
  m_CorrespondingSourceObject: {fileID: 0}
  m_PrefabInstance: {fileID: 0}
  m_PrefabAsset: {fileID: 0}
  m_GameObject: {fileID: 0}
  m_Enabled: 1
  m_EditorHideFlags: 0
  m_Script: {fileID: 11500000, guid: d687dbdf673d5ab4391e7faf19ac9f58, type: 3}
  m_Name: "I11e - B\xEDl\xFD pr\xE1\u0161ek v hrnku-EP-0"
  m_EditorClassIdentifier: 
  uniqueId: "I11e - B\xEDl\xFD pr\xE1\u0161ek v hrnku-EP-0"
  nameWithinDialog: EP-0
  parentGraph: {fileID: 11400000}
  inPort: {fileID: 0}
  outPorts:
  - {fileID: 114292865053112580}
  pointsTo: []
  position: {x: 0, y: 0}
  rect:
    serializedVersion: 2
    x: 36.460022
    y: 258.85004
    width: 180
    height: 100
  isDragged: 0
  isSelected: 0
  nodeNameRect:
    serializedVersion: 2
    x: 15
    y: 10
    width: 100
    height: 30
  corruptionReport: 
  note: 
--- !u!114 &114292865053112580
MonoBehaviour:
  m_ObjectHideFlags: 0
  m_CorrespondingSourceObject: {fileID: 0}
  m_PrefabInstance: {fileID: 0}
  m_PrefabAsset: {fileID: 0}
  m_GameObject: {fileID: 0}
  m_Enabled: 1
  m_EditorHideFlags: 0
  m_Script: {fileID: 11500000, guid: 92897b83d3ac44d4fb3722cc5d2189d2, type: 3}
  m_Name: "I11e - B\xEDl\xFD pr\xE1\u0161ek v hrnku-EP-0-outPort"
  m_EditorClassIdentifier: 
  Direction: 1
  attachedToNode: {fileID: 114267798010179858}
  centerInAbsolute: {x: 210.46002, y: 289.85004}
  connections:
  - {fileID: 114349509012447802}
  buttonRectInRelative:
    serializedVersion: 2
    x: 168
    y: 25
    width: 12
    height: 12
--- !u!114 &114331013956530570
MonoBehaviour:
  m_ObjectHideFlags: 0
  m_CorrespondingSourceObject: {fileID: 0}
  m_PrefabInstance: {fileID: 0}
  m_PrefabAsset: {fileID: 0}
  m_GameObject: {fileID: 0}
  m_Enabled: 1
  m_EditorHideFlags: 0
  m_Script: {fileID: 11500000, guid: 92897b83d3ac44d4fb3722cc5d2189d2, type: 3}
  m_Name: "I11e - B\xEDl\xFD pr\xE1\u0161ek v hrnku-R-2-inPort"
  m_EditorClassIdentifier: 
  Direction: 0
  attachedToNode: {fileID: 114600136517049234}
  centerInAbsolute: {x: 649.3398, y: 613.1899}
  connections:
  - {fileID: 114218105912241368}
  buttonRectInRelative:
    serializedVersion: 2
    x: 0
    y: 25
    width: 12
    height: 12
--- !u!114 &114349509012447802
MonoBehaviour:
  m_ObjectHideFlags: 0
  m_CorrespondingSourceObject: {fileID: 0}
  m_PrefabInstance: {fileID: 0}
  m_PrefabAsset: {fileID: 0}
  m_GameObject: {fileID: 0}
  m_Enabled: 1
  m_EditorHideFlags: 0
  m_Script: {fileID: 11500000, guid: c83906d02ff79e44a87686bb3e9d622c, type: 3}
  m_Name: "I11e - B\xEDl\xFD pr\xE1\u0161ek v hrnku-EP-0 -- I11e - B\xEDl\xFD pr\xE1\u0161ek
    v hrnku-R-1"
  m_EditorClassIdentifier: 
  inPort: {fileID: 114292865053112580}
  outPort: {fileID: 114237128906560202}
--- !u!114 &114379054305253256
MonoBehaviour:
  m_ObjectHideFlags: 0
  m_CorrespondingSourceObject: {fileID: 0}
  m_PrefabInstance: {fileID: 0}
  m_PrefabAsset: {fileID: 0}
  m_GameObject: {fileID: 0}
  m_Enabled: 1
  m_EditorHideFlags: 0
  m_Script: {fileID: 11500000, guid: 92897b83d3ac44d4fb3722cc5d2189d2, type: 3}
  m_Name: "I11e - B\xEDl\xFD pr\xE1\u0161ek v hrnku-EP-3-outPort"
  m_EditorClassIdentifier: 
  Direction: 1
  attachedToNode: {fileID: 114776643382480784}
  centerInAbsolute: {x: 202.32002, y: 613.1899}
  connections:
  - {fileID: 114555820658207768}
  buttonRectInRelative:
    serializedVersion: 2
    x: 168
    y: 25
    width: 12
    height: 12
--- !u!114 &114396586129783964
MonoBehaviour:
  m_ObjectHideFlags: 0
  m_CorrespondingSourceObject: {fileID: 0}
  m_PrefabInstance: {fileID: 0}
  m_PrefabAsset: {fileID: 0}
  m_GameObject: {fileID: 0}
  m_Enabled: 1
  m_EditorHideFlags: 0
  m_Script: {fileID: 11500000, guid: c83906d02ff79e44a87686bb3e9d622c, type: 3}
  m_Name: "I11e - B\xEDl\xFD pr\xE1\u0161ek v hrnku-R-6 -- I11e - B\xEDl\xFD pr\xE1\u0161ek
    v hrnku-T-7"
  m_EditorClassIdentifier: 
  inPort: {fileID: 114083749937937960}
  outPort: {fileID: 114917575911197706}
--- !u!114 &114425438503100120
MonoBehaviour:
  m_ObjectHideFlags: 0
  m_CorrespondingSourceObject: {fileID: 0}
  m_PrefabInstance: {fileID: 0}
  m_PrefabAsset: {fileID: 0}
  m_GameObject: {fileID: 0}
  m_Enabled: 1
  m_EditorHideFlags: 0
  m_Script: {fileID: 11500000, guid: 5ab8e39e5de1e8146b9d50b8568d7681, type: 3}
  m_Name: "I11e - B\xEDl\xFD pr\xE1\u0161ek v hrnku-T-5"
  m_EditorClassIdentifier: 
  uniqueId: "I11e - B\xEDl\xFD pr\xE1\u0161ek v hrnku-T-5"
  nameWithinDialog: T-5
  parentGraph: {fileID: 11400000}
  inPort: {fileID: 114561769548091892}
  outPorts:
  - {fileID: 114256039252366940}
  pointsTo: []
  position: {x: 0, y: 0}
  rect:
    serializedVersion: 2
    x: 227.9599
    y: 574.13983
    width: 300
    height: 200
  isDragged: 0
  isSelected: 0
  nodeNameRect:
    serializedVersion: 2
    x: 15
    y: 10
    width: 180
    height: 30
  corruptionReport: 
  triggers:
  - {fileID: 114704239205897440}
  triggerMultiOptionIndex: 0
--- !u!114 &114436557776195684
MonoBehaviour:
  m_ObjectHideFlags: 0
  m_CorrespondingSourceObject: {fileID: 0}
  m_PrefabInstance: {fileID: 0}
  m_PrefabAsset: {fileID: 0}
  m_GameObject: {fileID: 0}
  m_Enabled: 1
  m_EditorHideFlags: 0
  m_Script: {fileID: 11500000, guid: a369827a53a8b544fac030b468de9f7b, type: 3}
  m_Name: "I11e - B\xEDl\xFD pr\xE1\u0161ek v hrnku-R-6"
  m_EditorClassIdentifier: 
  uniqueId: "I11e - B\xEDl\xFD pr\xE1\u0161ek v hrnku-R-6"
  nameWithinDialog: R-6
  parentGraph: {fileID: 11400000}
  inPort: {fileID: 114623627713546828}
  outPorts:
  - {fileID: 114083749937937960}
  pointsTo: []
  position: {x: 0, y: 0}
  rect:
    serializedVersion: 2
    x: 991.54956
    y: 604.1098
    width: 250
    height: 150
  isDragged: 0
  isSelected: 0
  nodeNameRect:
    serializedVersion: 2
    x: 15
    y: 10
    width: 146
    height: 30
  corruptionReport: 
  speaker: {fileID: 11400000, guid: bd4269cbd9a00b64fa93d3034e3bb339, type: 2}
  replicAudio: {fileID: 0}
  scroll: {x: 0, y: 0}
  currentLang: 0
  translation:
    cs: "A je to! B\xEDl\xE1 barva je na sv\u011Bt\u011B."
    en: 
--- !u!114 &114496232610138314
MonoBehaviour:
  m_ObjectHideFlags: 0
  m_CorrespondingSourceObject: {fileID: 0}
  m_PrefabInstance: {fileID: 0}
  m_PrefabAsset: {fileID: 0}
  m_GameObject: {fileID: 0}
  m_Enabled: 1
  m_EditorHideFlags: 0
  m_Script: {fileID: 11500000, guid: 92897b83d3ac44d4fb3722cc5d2189d2, type: 3}
  m_Name: "I11e - B\xEDl\xFD pr\xE1\u0161ek v hrnku-R-2-outPort"
  m_EditorClassIdentifier: 
  Direction: 1
  attachedToNode: {fileID: 114600136517049234}
  centerInAbsolute: {x: 887.3398, y: 613.1899}
  connections:
  - {fileID: 114093965423517604}
  buttonRectInRelative:
    serializedVersion: 2
    x: 238
    y: 25
    width: 12
    height: 12
--- !u!114 &114555820658207768
MonoBehaviour:
  m_ObjectHideFlags: 0
  m_CorrespondingSourceObject: {fileID: 0}
  m_PrefabInstance: {fileID: 0}
  m_PrefabAsset: {fileID: 0}
  m_GameObject: {fileID: 0}
  m_Enabled: 1
  m_EditorHideFlags: 0
  m_Script: {fileID: 11500000, guid: c83906d02ff79e44a87686bb3e9d622c, type: 3}
  m_Name: "I11e - B\xEDl\xFD pr\xE1\u0161ek v hrnku-EP-s\xE1dlo -- I11e - B\xEDl\xFD
    pr\xE1\u0161ek v hrnku-T-5"
  m_EditorClassIdentifier: 
  inPort: {fileID: 114379054305253256}
  outPort: {fileID: 114561769548091892}
--- !u!114 &114561769548091892
MonoBehaviour:
  m_ObjectHideFlags: 0
  m_CorrespondingSourceObject: {fileID: 0}
  m_PrefabInstance: {fileID: 0}
  m_PrefabAsset: {fileID: 0}
  m_GameObject: {fileID: 0}
  m_Enabled: 1
  m_EditorHideFlags: 0
  m_Script: {fileID: 11500000, guid: 92897b83d3ac44d4fb3722cc5d2189d2, type: 3}
  m_Name: "I11e - B\xEDl\xFD pr\xE1\u0161ek v hrnku-T-5-inPort"
  m_EditorClassIdentifier: 
  Direction: 0
  attachedToNode: {fileID: 114425438503100120}
  centerInAbsolute: {x: 233.9599, y: 605.13983}
  connections:
  - {fileID: 114555820658207768}
  buttonRectInRelative:
    serializedVersion: 2
    x: 0
    y: 25
    width: 12
    height: 12
--- !u!114 &114600136517049234
MonoBehaviour:
  m_ObjectHideFlags: 0
  m_CorrespondingSourceObject: {fileID: 0}
  m_PrefabInstance: {fileID: 0}
  m_PrefabAsset: {fileID: 0}
  m_GameObject: {fileID: 0}
  m_Enabled: 1
  m_EditorHideFlags: 0
  m_Script: {fileID: 11500000, guid: a369827a53a8b544fac030b468de9f7b, type: 3}
  m_Name: "I11e - B\xEDl\xFD pr\xE1\u0161ek v hrnku-R-2"
  m_EditorClassIdentifier: 
  uniqueId: "I11e - B\xEDl\xFD pr\xE1\u0161ek v hrnku-R-2"
  nameWithinDialog: R-2
  parentGraph: {fileID: 11400000}
  inPort: {fileID: 114331013956530570}
  outPorts:
  - {fileID: 114496232610138314}
  pointsTo: []
  position: {x: 0, y: 0}
  rect:
    serializedVersion: 2
    x: 643.3398
    y: 582.1899
    width: 250
    height: 150
  isDragged: 0
  isSelected: 0
  nodeNameRect:
    serializedVersion: 2
    x: 15
    y: 10
    width: 146
    height: 30
  corruptionReport: 
  speaker: {fileID: 11400000, guid: bd4269cbd9a00b64fa93d3034e3bb339, type: 2}
  replicAudio: {fileID: 0}
  scroll: {x: 0, y: 0}
  currentLang: 0
  translation:
    cs: "P\u0159id\xE1me do s\xE1dla b\xEDl\xFD pr\xE1\u0161ek... Zam\xEDch\xE1me..."
    en: 
--- !u!114 &114623627713546828
MonoBehaviour:
  m_ObjectHideFlags: 0
  m_CorrespondingSourceObject: {fileID: 0}
  m_PrefabInstance: {fileID: 0}
  m_PrefabAsset: {fileID: 0}
  m_GameObject: {fileID: 0}
  m_Enabled: 1
  m_EditorHideFlags: 0
  m_Script: {fileID: 11500000, guid: 92897b83d3ac44d4fb3722cc5d2189d2, type: 3}
  m_Name: "I11e - B\xEDl\xFD pr\xE1\u0161ek v hrnku-R-6-inPort"
  m_EditorClassIdentifier: 
  Direction: 0
  attachedToNode: {fileID: 114436557776195684}
  centerInAbsolute: {x: 997.54956, y: 635.1098}
  connections:
  - {fileID: 114093965423517604}
  buttonRectInRelative:
    serializedVersion: 2
    x: 0
    y: 25
    width: 12
    height: 12
--- !u!114 &114671887997238322
MonoBehaviour:
  m_ObjectHideFlags: 0
  m_CorrespondingSourceObject: {fileID: 0}
  m_PrefabInstance: {fileID: 0}
  m_PrefabAsset: {fileID: 0}
  m_GameObject: {fileID: 0}
  m_Enabled: 1
  m_EditorHideFlags: 0
  m_Script: {fileID: 11500000, guid: 20b5064632769b640943e81336d488d2, type: 3}
  m_Name: "I11e - B\xEDl\xFD pr\xE1\u0161ek v hrnku-T-7-T"
  m_EditorClassIdentifier: 
  type: {fileID: 11400000, guid: ac22e1bb95f716e409b7dbe7c83827df, type: 2}
  variable: {fileID: 11400000, guid: c25b1a001062aa349820ea3ad9835209, type: 2}
  intParam: -1
  entryPoint: {fileID: 0}
  stringParam: 
  boolParam: 0
  character: {fileID: 0}
  floatParam: 0
  stringOptions: []
--- !u!114 &114704239205897440
MonoBehaviour:
  m_ObjectHideFlags: 0
  m_CorrespondingSourceObject: {fileID: 0}
  m_PrefabInstance: {fileID: 0}
  m_PrefabAsset: {fileID: 0}
  m_GameObject: {fileID: 0}
  m_Enabled: 1
  m_EditorHideFlags: 0
  m_Script: {fileID: 11500000, guid: 20b5064632769b640943e81336d488d2, type: 3}
  m_Name: "I11e - B\xEDl\xFD pr\xE1\u0161ek v hrnku-T-5-T"
  m_EditorClassIdentifier: 
  type: {fileID: 11400000, guid: 01f7d22a4dd12e84cbc9add28f397781, type: 2}
  variable: {fileID: 11400000, guid: cebf7f3c376c8994bb99efb171ed2569, type: 2}
  intParam: -1
  entryPoint: {fileID: 0}
  stringParam: 
  boolParam: 0
  character: {fileID: 0}
  floatParam: 0
  stringOptions: []
--- !u!114 &114776643382480784
MonoBehaviour:
  m_ObjectHideFlags: 0
  m_CorrespondingSourceObject: {fileID: 0}
  m_PrefabInstance: {fileID: 0}
  m_PrefabAsset: {fileID: 0}
  m_GameObject: {fileID: 0}
  m_Enabled: 1
  m_EditorHideFlags: 0
  m_Script: {fileID: 11500000, guid: d687dbdf673d5ab4391e7faf19ac9f58, type: 3}
  m_Name: "I11e - B\xEDl\xFD pr\xE1\u0161ek v hrnku-EP-s\xE1dlo"
  m_EditorClassIdentifier: 
  uniqueId: "I11e - B\xEDl\xFD pr\xE1\u0161ek v hrnku-EP-s\xE1dlo"
  nameWithinDialog: "EP-s\xE1dlo"
  parentGraph: {fileID: 11400000}
  inPort: {fileID: 0}
  outPorts:
  - {fileID: 114379054305253256}
  pointsTo: []
  position: {x: 0, y: 0}
  rect:
    serializedVersion: 2
    x: 28.320023
    y: 582.1899
    width: 180
    height: 100
  isDragged: 0
  isSelected: 0
  nodeNameRect:
    serializedVersion: 2
    x: 15
    y: 10
    width: 100
    height: 30
  corruptionReport: 
  note: 
--- !u!114 &114917575911197706
MonoBehaviour:
  m_ObjectHideFlags: 0
  m_CorrespondingSourceObject: {fileID: 0}
  m_PrefabInstance: {fileID: 0}
  m_PrefabAsset: {fileID: 0}
  m_GameObject: {fileID: 0}
  m_Enabled: 1
  m_EditorHideFlags: 0
  m_Script: {fileID: 11500000, guid: 92897b83d3ac44d4fb3722cc5d2189d2, type: 3}
  m_Name: "I11e - B\xEDl\xFD pr\xE1\u0161ek v hrnku-T-7-inPort"
  m_EditorClassIdentifier: 
  Direction: 0
  attachedToNode: {fileID: 114961465325559144}
  centerInAbsolute: {x: 1389.1802, y: 683.3699}
  connections:
  - {fileID: 114396586129783964}
  buttonRectInRelative:
    serializedVersion: 2
    x: 0
    y: 25
    width: 12
    height: 12
--- !u!114 &114961465325559144
MonoBehaviour:
  m_ObjectHideFlags: 0
  m_CorrespondingSourceObject: {fileID: 0}
  m_PrefabInstance: {fileID: 0}
  m_PrefabAsset: {fileID: 0}
  m_GameObject: {fileID: 0}
  m_Enabled: 1
  m_EditorHideFlags: 0
  m_Script: {fileID: 11500000, guid: 5ab8e39e5de1e8146b9d50b8568d7681, type: 3}
  m_Name: "I11e - B\xEDl\xFD pr\xE1\u0161ek v hrnku-T-7"
  m_EditorClassIdentifier: 
  uniqueId: "I11e - B\xEDl\xFD pr\xE1\u0161ek v hrnku-T-7"
  nameWithinDialog: T-7
  parentGraph: {fileID: 11400000}
  inPort: {fileID: 114917575911197706}
  outPorts:
  - {fileID: 114260767211582316}
  pointsTo: []
  position: {x: 0, y: 0}
  rect:
    serializedVersion: 2
    x: 1383.1802
    y: 652.3699
    width: 300
    height: 200
  isDragged: 0
  isSelected: 1
  nodeNameRect:
    serializedVersion: 2
    x: 15
    y: 10
    width: 180
    height: 30
  corruptionReport: 
  triggers:
  - {fileID: 114671887997238322}
  triggerMultiOptionIndex: 0
